 Dungeon Crawl Stone Soup version 0.18.1-6-gd335043 (webtiles) character file.

287 stauk the Cutter (level 6, 0/40 HPs)
             Began as a Kobold Berserker on May 19, 2016.
             Was a Believer of Trog.
             Slain by an orc
             ... wielding a +0 dagger
              (3 damage)
             ... on level 2 of the Dungeon.
             The game lasted 00:12:13 (3600 turns).

stauk the Cutter (Kobold Berserker)                 Turns: 3600, Time: 00:12:14

Health: 0/40       AC:  4    Str: 15    XL:     6   Next: 56%
Magic:  6/6        EV: 17    Int:  5    God:    Trog [**....]
Gold:   103        SH:  0    Dex: 18    Spells: 0 memorised, 5 levels left

rFire  . . .     SeeInvis .     o - -3 dagger (curse)
rCold  . . .     Gourm    .     e - +1 leather armour
rNeg   . . .     Faith    .     (shield restricted)
rPois  .         Spirit   .     (no helmet)
rElec  .         Dismiss  .     (no cloak)
rCorr  .         Reflect  .     (no gloves)
SustAt .         Harm     .     (no boots)
MR     .....                    (no amulet)
Stlth  +.........               (no ring)
                                (no ring)

@: not resistant to hostile enchantments, very unstealthy
A: carnivore 3
a: Berserk, Trog's Hand, Burn Spellbooks, Renounce Religion


You were on level 2 of the Dungeon.
You worshipped Trog.
Trog was pleased with you.
You were completely stuffed.

You visited 1 branch of the dungeon, and saw 2 of its levels.

You collected 103 gold pieces.

Inventory:

Hand Weapons
 a - a +0 short sword
 h - a cursed -2 hunting sling
 n - a +1 whip of venom
 o - a cursed -3 dagger (weapon)
Missiles
 g - 12 poisoned needles
Armour
 b - a +0 animal skin
 e - a +1 leather armour (worn)
 f - a +0 leather armour
Scrolls
 j - a scroll of identify
Potions
 d - a potion of haste {unknown}
Comestibles
 c - a meat ration
 i - 3 fruits
 k - a chunk of flesh


   Skills:
 + Level 4.8 Fighting
 + Level 5.5 Short Blades
 + Level 3.0 Armour
 + Level 4.2 Dodging


You had 5 spell levels left.
You didn't know any spells.

Dungeon Overview and Level Annotations

Branches:
Dungeon (2/15)

Altars:
Nemelex Xobeh


Innate Abilities, Weirdness & Mutations

You are small and have problems with some larger weapons.
You are carnivorous and can eat meat at any time.


Message History

The orc is severely wounded.
The orc misses you.
You hit the orc.
You kill the orc!
Trog accepts your kill. The orc hits you with a flail.
* * * LOW HITPOINT WARNING * * *
You closely miss the orc. The orc closely misses you.
You barely miss the orc. The orc closely misses you. The orc misses you.
You closely miss the orc. The orc misses you.
You hit the orc but do no damage. The orc misses you.
You hit the orc but do no damage. The orc closely misses you.
The orc misses you.
You hit the orc but do no damage. The orc misses you. x2
You hit the orc.
The orc is lightly wounded.
You hit the orc.
The orc is heavily wounded.
The orc hits you with a dagger.
You die...

#.#.#.#.#.#.#####.###.#.##.#
###########.# #.# #.#.##.#
#.#####.# #.#.##.# *****
#..÷....# #.#.##.# *,,,*
###########.#.##.# *,,,*
#................# *,,,*
#.........#.#.#### **,**
#########...#..... *,**
#@o............... **,*
#o#####.#......... *,♣♣ #o#
#.#.....#... ♣♣.* #.#
#.#.....#.## ♣♣.♣♣ #.#
#.#.#.###.# ♣PP.♣
*#.#####.#.#.# #.## ♣♣PPP♣
*..#.......#.###... #'..'#
*###.###.#...#.....
###....## #.#.............


You could see 3 orcs.

Vanquished Creatures
  Sigmund (D:2)
  Ijyb (D:2)
  Robin (D:2)
  2 adders (D:2)
  2 oozes
  A worm (D:2)
  A dart slug (D:1)
  A giant gecko (D:1)
  2 orcs (D:2)
  7 bats
  A giant cockroach (D:2)
  16 goblins
  6 hobgoblins
  5 kobolds
  2 giant newts
  5 rats
54 creatures vanquished.

Notes
Turn   | Place    | Note
--------------------------------------------------------------
     0 | D:1      | stauk the Kobold Berserker began the quest for the Orb.
     0 | D:1      | Reached XP level 1. HP: 14/14 MP: 1/1
   189 | D:1      | Found a sparkling altar of Nemelex Xobeh.
   422 | D:1      | Reached XP level 2. HP: 17/19 MP: 2/2
  1150 | D:1      | Reached XP level 3. HP: 19/24 MP: 3/3
  1549 | D:2      | Noticed Ijyb
  1557 | D:2      | Killed Ijyb
  1557 | D:2      | Reached XP level 4. HP: 29/29 MP: 4/4
  1562 | D:2      | Reached ** piety under Trog
  2288 | D:2      | Noticed Sigmund
  2302 | D:2      | Killed Sigmund
  2302 | D:2      | Reached skill level 5 in Short Blades
  2302 | D:2      | Reached XP level 5. HP: 20/34 MP: 5/5
  2302 | D:2      | Reached XP level 6. HP: 23/39 MP: 6/6
  3000 | D:2      | Noticed Robin
  3051 | D:2      | Killed Robin
  3592 | D:2      | HP: 2/40 [orc/flail (1)]
  3600 | D:2      | Slain by an orc

Skill      XL: |  1  2  3  4  5  6 |
---------------+-------------------+-----
Fighting       | 4 |  4.8
Armour         | 2 3 |  3.0
Dodging        | 4 |  4.2
Short Blades   | 5 |  5.5

Action                   |  1- 3 |  4- 6 || total
-------------------------+-------+-------++-------
Melee: Short sword       |    87 |     7 ||    94
       Dagger            |       |   274 ||   274
Invok: Berserk           |     3 |     2 ||     5
       Trog's Hand       |       |     1 ||     1
  Use: Scroll            |     1 |     6 ||     7
       Potion            |       |     1 ||     1
 Stab: Sleeping          |     1 |     1 ||     2
       Distracted        |       |     1 ||     1
  Eat: Chunk             |    12 |    10 ||    22
Armor: Animal skin       |    17 |       ||    17
       Leather armour    |       |    40 ||    40
Dodge: Dodged            |    90 |   203 ||   293
